 Dungeon Crawl Stone Soup version 0.23-a0-398-g8eab93fbe2 (webtiles) character file.

10161 Notair the Severer (level 11, -8/104 HPs)
             Began as a Minotaur Gladiator on Nov 3, 2018.
             Was an Elder of Okawaru.
             Mangled by a rakshasa
             ... wielding the +5 dagger of the Scavenger {speed, -Tele rPois SInv}
              (9 damage)
             ... on level 10 of the Dungeon on Nov 4, 2018.
             The game lasted 00:31:11 (12798 turns).

Notair the Severer (Minotaur Gladiator)            Turns: 12798, Time: 00:31:11

Health: -8/104     AC: 14    Str: 21    XL:     11   Next: 32%
Magic:  10/10      EV:  9    Int:  5    God:    Okawaru [****..]
Gold:   514        SH:  0    Dex: 13    Spells: 10/10 levels left

rFire    . . .     SeeInvis .   a - +2 war axe (venom)
rCold    . . .     Gourm    +   (no shield)
rNeg     . . .     Faith    .   L - +0 chain mail (curse)
rPois    .         Spirit   .   n - +2 hat
rElec    .         Reflect  .   K - +2 cloak {MR+}
rCorr    .         Harm     .   h - +0 pair of gloves
MR       +....                  (no boots)
Stlth    ..........             t - amulet of the gourmand
HPRegen  0.27/turn              (no ring)
MPRegen  0.12/turn              (no ring)

@: lethally poisoned (-8 -> -11), hasted, very quick
A: retaliatory headbutt, horns 2
a: Heroism, Renounce Religion


You were on level 10 of the Dungeon.
You worshipped Okawaru.
Okawaru was greatly pleased with you.
You were full.

You visited 2 branches of the dungeon, and saw 11 of its levels.

You collected 514 gold pieces.

Inventory:

Hand Weapons
 a - a +2 war axe of venom (weapon)
 c - a +0 hand crossbow
 d - a +0 hunting sling
 s - a +2 battleaxe
 D - a +3 flail of protection
Missiles
 g - 314 stones (quivered)
 o - 32 sling bullets
 y - 22 poisoned needles
Armour
 h - a +0 pair of gloves (worn)
 n - a +2 hat (worn)
 K - a +2 cloak of magic resistance (worn)
 L - a cursed +0 chain mail (worn)
Jewellery
 t - an amulet of the gourmand (around neck)
Wands
 A - a wand of flame (40)
 H - a wand of enslavement (10)
 J - a wand of random effects (2)
Scrolls
 e - a scroll of magic mapping {unknown}
 j - 4 scrolls of teleportation {unknown}
 k - a scroll of torment {unknown}
 l - 4 scrolls of enchant weapon {unknown}
 p - 3 scrolls of random uselessness {unknown}
 u - 2 scrolls of enchant armour {unknown}
 v - 2 scrolls of amnesia {unknown}
 x - 2 scrolls of fear {unknown}
 B - 6 scrolls of remove curse {unknown}
 G - a scroll of summoning {unknown}
 I - a scroll of immolation {unknown}
Potions
 b - 2 potions of mutation
 i - 2 potions of curing
 m - 2 potions of degeneration
 q - a potion of ambrosia
 r - 5 potions of flight
 w - a potion of invisibility
 z - a potion of haste
 E - 2 potions of heal wounds
 F - 3 potions of brilliance
 M - a potion of lignification
 N - a potion of magic
Comestibles
 f - 19 rations


   Skills:
 + Level 12.3 Fighting
 * Level 16.6 Axes
 - Level 2.0 Throwing
 - Level 3.2 Dodging


You had 10 spell levels left.
You didn't know any spells.
Your spell library contained the following spells:

 Spells                   Type           Power        Failure   Level  Hunger
 Poisonous Vapours        Pois/Air       #.....       100%        2    ###....
 Conjure Flame            Conj/Fire      #.......     100%        3    ####...
 Mephitic Cloud           Conj/Pois/Air  #.......     100%        3    ####...
 Bolt of Magma            Conj/Fire/Erth #.........   100%        5    ######.
 Iskenderun's Battlesphe  Conj/Chrm      #.......     100%        5    ######.
 Venom Bolt               Conj/Pois      #.........   100%        5    ######.
 Freezing Cloud           Conj/Ice/Air   #.........   100%        6    #######
 Iron Shot                Conj/Erth      #.........   100%        6    #######
 Orb of Destruction       Conj           #.........   100%        7    #######
 Ring of Flames           Chrm/Fire      #.........   100%        7    #######
 Spellforged Servitor     Conj/Summ      #.........   100%        7    #######


Dungeon Overview and Level Annotations

Branches:
Dungeon (10/15)            Temple (1/1) D:7
   Lair: D:8-11         Orc: D:9-12

Altars:
Ashenzari
Cheibriados
Dithmenos
Elyvilon
Fedhas
Gozag
Hepliaklqana
Kikubaaqudgha
Makhleb
Nemelex Xobeh
Okawaru
Qazlal
Ru
Sif Muna
Trog
Uskayaw
Vehumet
Wu Jian
Xom
Yredelemnul
Zin
The Shining One


Innate Abilities, Weirdness & Mutations

You reflexively headbutt those who attack you in melee.
You have a pair of horns on your head.


Message History

The rakshasa hits you with the +5 dagger of the Scavenger {speed, -Tele rPois
* * * LOW HITPOINT WARNING * * *
The rakshasa hits you with the +5 dagger of the Scavenger {speed, -Tele rPois
* * * LOW HITPOINT WARNING * * *
The shadow imp hits you.
* * * LOW HITPOINT WARNING * * *
The rakshasa hits you with the +5 dagger of the Scavenger {speed, -Tele rPois
* * * LOW HITPOINT WARNING * * *
The rakshasa barely misses you. You furiously retaliate!
You headbutt the rakshasa, but do no damage.
The rakshasa hits you with the +5 dagger of the Scavenger {speed, -Tele rPois
* * * LOW HITPOINT WARNING * * *
You barely miss the rakshasa. You headbutt the rakshasa.
The rakshasa is severely wounded.
You hit the rakshasa.
The rakshasa looks as sick as possible!
You hit the shadow imp. You hit the rakshasa.
You feel sick.
The rakshasa hits you with the +5 dagger of the Scavenger {speed, -Tele rPois
* * * LOW HITPOINT WARNING * * *
The rakshasa hits you with the +5 dagger of the Scavenger {speed, -Tele rPois You die...

##.###.##.##########.#
#.#......#........#.#
#.#.#.#..........##.#
#.....#..........##.#
#.....#.§........##.#
#..<...§.........##.#
#..#..§#)#.......##.#
#..R5§.......#...##..
##.R@#.#.....#...####
#.R<#.#####.#.......
#..##.#.....#.>..###
#...#.#.#####....##
#.#(#5#.#.........#
###.#.#.#.#.#####...#
#...#.#R#.# ........#
#.###.#.#.# ######..#
#.# #.#.#.# #..#.


You could see 3 rakshasas and a shadow imp.

Vanquished Creatures
  A hydra (D:8)
  A tengu warrior (D:9)
  A manticore (D:6)
  Maurice (D:8)
  A spiny frog (shapeshifter) (D:10)
  A gargoyle (D:8)
  A troll (D:9)
  Grinder (D:5)
  2 dream sheep (D:8)
  A hippogriff (D:9)
  5 yaks
  A wyvern (D:8)
  Eustachio (D:3)
  Grum (D:8)
  Menkaure (D:7)
  A water moccasin (D:6)
  A soldier ant (D:10)
  Edmund (D:6)
  2 sky beasts (D:8)
  2 black bears
  2 orc warriors
  4 ice beasts
  A meliai simulacrum (D:10)
  7 ogres
  A phantom (D:4)
  A necrophage (D:9)
  4 centaurs
  4 wolves (D:8)
  4 big kobolds (D:8)
  4 bullfrogs
  A wyvern skeleton (D:9)
  A scorpion (D:7)
  5 wights (D:7)
  5 howler monkeys
  2 bullfrog zombies
  2 centaur zombies
  8 orc priests
  2 gnoll shamans
  8 hounds
  2 jellies
  12 orc wizards
  Jessica (D:2)
  3 iguanas
  Terence (D:2)
  6 worker ants
  A killer bee zombie (D:9)
  A hound skeleton (D:6)
  Robin (D:2)
  A worker ant zombie (D:8)
  9 adders
  16 gnolls
  A howler monkey skeleton (D:6)
  A shadow imp (D:6)
  An ooze (D:4)
  2 adder skeletons (D:4)
  A worm (D:4)
  2 dart slugs (D:1)
  4 leopard geckos
  32 orcs
  3 ball pythons
  A bat zombie (D:1)
  3 giant cockroaches
  13 goblins
  11 hobgoblins
  15 jackals
  7 kobolds
  3 quokkas
  8 bats
  3 frilled lizards
  A giant cockroach zombie (D:1)
  A jackal skeleton (D:4)
  A quokka skeleton (D:7)
  A quokka zombie (D:6)
  11 rats
273 creatures vanquished.

Notes
Turn   | Place    | Note
-------+----------+-------------------------------------------
     0 | D:1      | Notair the Minotaur Gladiator began the quest for the Orb.
     0 | D:1      | Reached XP level 1. HP: 18/18 MP: 0/0
    88 | D:1      | Reached skill level 4 in Axes
   163 | D:1      | Reached XP level 2. HP: 25/25 MP: 1/1
   381 | D:1      | Reached XP level 3. HP: 27/31 MP: 2/2
   844 | D:2      | Noticed Terence
   854 | D:2      | Killed Terence
   854 | D:2      | Reached skill level 5 in Axes
   944 | D:2      | Noticed Robin
   977 | D:2      | Reached XP level 4. HP: 35/38 MP: 3/3
  1276 | D:2      | Killed Robin
  1290 | D:2      | Noticed an ogre
  1291 | D:2      | Reached skill level 6 in Axes
  1295 | D:2      | Killed an ogre
  1295 | D:2      | Reached XP level 5. HP: 27/47 MP: 4/4
  1508 | D:2      | Found a radiant altar of Vehumet.
  1508 | D:2      | Found a snail-covered altar of Cheibriados.
  1509 | D:2      | Found a basalt altar of Yredelemnul.
  1514 | D:2      | Found a glowing golden altar of the Shining One.
  1587 | D:2      | Noticed Jessica
  1591 | D:2      | Killed Jessica
  2164 | D:3      | Reached skill level 7 in Axes
  2164 | D:3      | Reached XP level 6. HP: 51/53 MP: 5/5
  2953 | D:4      | Reached skill level 5 in Fighting
  3467 | D:4      | Noticed Eustachio
  3736 | D:3      | Killed Eustachio
  3736 | D:3      | Reached skill level 8 in Axes
  3736 | D:3      | Reached XP level 7. HP: 34/62 MP: 6/6
  4496 | D:4      | Reached skill level 9 in Axes
  4678 | D:4      | Found a hazy altar of Hepliaklqana.
  4849 | D:5      | Entered Level 5 of the Dungeon
  4962 | D:5      | Found a shimmering altar of Xom.
  5040 | D:5      | Reached XP level 8. HP: 71/71 MP: 7/7
  5131 | D:5      | Noticed Grinder
  5136 | D:5      | Paralysed by Grinder for 6 turns
  5142 | D:5      | Killed Grinder
  5142 | D:5      | Reached skill level 10 in Axes
  5407 | D:5      | Found a burning altar of Makhleb.
  5851 | D:6      | Noticed Edmund
  5868 | D:6      | Killed Edmund
  5868 | D:6      | Reached skill level 11 in Axes
  6373 | D:6      | Found an opulent altar of Gozag.
  6457 | D:6      | Noticed a manticore
  6469 | D:6      | Killed a manticore
  6469 | D:6      | Reached skill level 12 in Axes
  6469 | D:6      | Reached XP level 9. HP: 18/82 MP: 8/8
  6828 | D:6      | Found a white marble altar of Elyvilon.
  7695 | D:7      | Reached skill level 13 in Axes
  7901 | D:7      | Noticed Menkaure
  7914 | D:7      | Killed Menkaure
  8390 | D:7      | Found a staircase to the Ecumenical Temple.
  8401 | Temple   | Entered the Ecumenical Temple
  8479 | Temple   | Became a worshipper of Warmaster Okawaru
  8726 | D:7      | Reached skill level 10 in Fighting
  8960 | D:7      | Reached XP level 10. HP: 48/93 MP: 9/9
  9288 | D:7      | Reached * piety under Okawaru
  9529 | D:8      | Reached skill level 14 in Axes
  9657 | D:8      | Noticed Grum
  9678 | D:8      | Killed Grum
 10040 | D:8      | Noticed a gargoyle
 10050 | D:8      | Killed a gargoyle
 10050 | D:8      | Reached ** piety under Okawaru
 10602 | D:8      | Noticed Maurice
 10626 | D:8      | Killed Maurice
 10626 | D:8      | Reached skill level 15 in Axes
 10882 | D:8      | Reached *** piety under Okawaru
 11007 | D:8      | Noticed a three-headed hydra
 11017 | D:8      | Killed a three-headed hydra
 11231 | D:9      | Reached XP level 11. HP: 94/104 MP: 10/10
 11458 | D:9      | Reached skill level 16 in Axes
 11468 | D:9      | Reached **** piety under Okawaru
 11712 | D:9      | Found a shattered altar of Ashenzari.
 12196 | D:10     | Entered Level 10 of the Dungeon
 12524 | D:10     | Noticed a tengu warrior
 12533 | D:10     | Identified the +5 dagger of the Scavenger {speed, -Tele
                  | rPois SInv}
 12533 | D:10     | Noticed a rakshasa
 12585 | D:9      | Killed a tengu warrior
 12798 | D:10     | HP: 1/104 [rakshasa (illusionary)/the +5 dagger of the
                  | Scavenger {speed, -Tele rPois SInv} (9)]
 12798 | D:10     | Mangled by a rakshasa

Vault maps used:
D:1:      saegor_arrival_fortress
D:2:      grunt_temple_overflow_open, first_ration, uniq_terence, uniq_jessica,
          uniq_robin
D:3:      kennysheep_generic_room_6
D:4:      nicolae_overflow_hidden_temple, nrook_loot_triangle,
          minmay_misc_feat_cross, minivault_4, uniq_eustachio
D:5:      old_standard_altar, lemuel_tele_altar, uniq_grinder
D:6:      elyvilon_altar_5, lemuel_coloured_pillars_altar,
          minmay_manual_monstrance, uniq_edmund
D:7:      minmay_temple_entry_grid, uniq_menkaure
D:8:      hangedman_ranch, st_stairs_12, uniq_maurice, uniq_grum
D:9:      marbit_many_paths
D:10:     minmay_the_grid_octo_triangle, dpeg_oklobed_lair
Temple:   oiseaux_autumnal_temple

Skill      XL: |  1  2  3  4  5  6  7  8  9 10 11 |
---------------+----------------------------------+-----
Axes           | 4 5 6 7 8 9 12 13 15 16 | 16.6
Fighting       | 3 4 5 6 8 10 11 12 | 12.3
Throwing       | |  2.0
Dodging        | |  3.2

Action                   |  1- 3 |  4- 6 |  7- 9 | 10-12 || total
-------------------------+-------+-------+-------+-------++-------
Melee: War axe           |    54 |   144 |   306 |   231 ||   735
       Headbutt          |     8 |    24 |    80 |    48 ||   160
       Flail             |       |       |     7 |     6 ||    13
 Fire: Hunting sling     |       |       |    23 |       ||    23
Throw: Stone             |    20 |     1 |       |       ||    21
       Throwing net      |     5 |       |       |       ||     5
       Javelin           |       |    13 |       |       ||    13
Invok: Heroism           |       |       |       |     3 ||     3
Evoke: Wand              |       |       |       |     2 ||     2
  Use: Scroll            |       |       |       |    10 ||    10
       Potion            |       |       |       |     1 ||     1
 Stab: Held in net/web   |     1 |       |       |       ||     1
  Eat: Chunk             |       |     6 |    13 |    16 ||    35
       Ration            |       |     1 |     1 |       ||     2
Armor: Leather armour    |    21 |    14 |       |       ||    35
       Chain mail        |       |    58 |   133 |    99 ||   290
Dodge: Dodged            |    30 |    74 |   133 |    90 ||   327

Table legend:
 A = Non-vault XP
 B = Vault XP
 C = Vault XP percentage of total XP
 D = Non-vault monster count
 E = Vault monster count
 F = Vault count percentage of total count
                 A         B        C        D         E       F
            +---------+---------+-------+---------+---------+-------
      Total |    7657 |    6859 |  47.3 |     225 |      48 |  17.6
            +---------+---------+-------+---------+---------+-------
        D:1 |      53 |      11 |  17.2 |      29 |       6 |  17.1
        D:2 |     203 |      96 |  32.1 |      19 |       9 |  32.1
        D:3 |      77 |     211 |  73.3 |      15 |       3 |  16.7
        D:4 |     545 |       0 |   0.0 |      19 |       0 |   0.0
        D:5 |     470 |     277 |  37.1 |      34 |       1 |   2.9
        D:6 |    1215 |    1012 |  45.4 |      22 |       6 |  21.4
        D:7 |    1367 |     169 |  11.0 |      28 |       1 |   3.4
        D:8 |    1415 |    3390 |  70.6 |      22 |      15 |  40.5
        D:9 |    1994 |     887 |  30.8 |      32 |       2 |   5.9
       D:10 |     318 |     806 |  71.7 |       5 |       5 |  50.0
            +---------+---------+-------+---------+---------+-------
